[Event "29th Bosnjaci Open 2025"]
[Site "Bosnjaci"]
[Date "2025.01.04"]
[Round "2.6"]
[White "Petricevic, Mateo"]
[Black "Kovacevic, Blazimir"]
[Result "0-1"]
[ECO "D02"]
[WhiteElo "2060"]
[BlackElo "2379"]
[Annotator "TA"]
[PlyCount "68"]
[EventDate "2025.01.04"]
[EventType "swiss"]
[EventCountry "CRO"]
[SourceTitle "playchess.com"]
[Source "ChessBase"]
[SourceQuality "1"]
[TimeControl "5400+30"]

1. d4 e6 2. Nf3 c5 3. g3 cxd4 4. Nxd4 d5 5. Bg2 Nf6 6. O-O e5 7. Nf3 Nc6 8. Bg5 Be7 9. c3 (9. c4 $11) 9... O-O $15 10. Nbd2 Be6 11. e3 h6 12. Bxf6 Bxf6 13. Qe2 Qb6 14. b3 Rad8 15. Rac1 Rfe8 16. Rfe1 Be7 17. e4 dxe4 18. Nxe4 f5 19. Ned2 e4 20. Nc4 {[%emt 0:00:33] Wards off Ba3} Qc5 21. Nfd2 Bg5 {[%emt 0:03:53] White is weak on the dark squares} 22. Rc2 Bxd2 (22... a6 $142 23. h4 Bxd2 24. Rxd2 b5) 23. Nxd2 (23. Rxd2 $142 Bxc4 24. bxc4) 23... Rd3 {[%emt 0:12:12] Hoping for ...Nd4.} 24. Nf1 Rxc3 {[%emt 0:01:20] Black has more active pieces.} 25. Rd2 (25. Rxc3 $17 Qxc3 26. g4) 25... Nd4 $19 26. Qh5 Bf7 27. Qd1 {[%emt 0:01:16] [#]} Nc2 28. Ree2 Nb4 {[%emt 0:00:16] ...Rc1 is the strong threat.} 29. Rd8 Nd3 30. Rxe8+ Bxe8 31. Re3 Rc1 32. Qe2 (32. Rxd3 exd3 (32... Rxd1 $2 33. Rxd1 Bc6 34. Ne3 $19) 33. Qxd3) 32... Rc2 33. Qd1 Rxf2 34. b4 {[%emt 0:00:17] [#]} Rxf1+ $1 {[%emt 0:00:31] Weighted Error Value: White=0.69/Black=0.10 (very precise) .  Mistake:       	White=4     	Black=1      Inaccurate:     	White=5     	---        OK:         	White=8     	Black=14     Best:        	---       	Black=1} 0-1

[Event "29th Bosnjaci Open 2025"]
[Site "Bosnjaci"]
[Date "2025.01.04"]
[Round "2.7"]
[White "Muratovic, Efim"]
[Black "Babler, Jan"]
[Result "1-0"]
[ECO "E06"]
[WhiteElo "2322"]
[BlackElo "2059"]
[Annotator "TA"]
[PlyCount "77"]
[EventDate "2025.01.04"]
[EventType "swiss"]
[EventCountry "CRO"]
[SourceTitle "playchess.com"]
[Source "ChessBase"]
[SourceQuality "1"]
[TimeControl "5400+30"]

1. Nf3 d5 2. d4 Nf6 3. g3 e6 4. Bg2 Be7 5. c4 O-O 6. Qc2 c6 7. O-O a5 8. Bf4 b6 9. Nbd2 Nbd7 10. e4 Nh5 11. Be3 dxe4 (11... Nhf6 $14) 12. Nxe4 Bb7 13. Rfd1 Qc7 14. c5 b5 15. Bg5 Ndf6 16. Nc3 h6 17. Bd2 Rfd8 18. Re1 b4 19. Na4 Nd5 {[%emt 0:00:29] Prevents Nb6.} 20. Ne5 Nhf6 21. Bh3 Bc8 22. b3 Bd7 23. Re2 {[%emt 0:03:50] White is much more active.} Be8 24. Rae1 Nd7 25. Nc4 N7f6 26. f4 Bf8 27. Rf2 Ra7 28. g4 Ne7 (28... g6 $1 $14 {was preferable.}) 29. g5 ({White should try} 29. Nd6 $16) 29... hxg5 $2 ({Better is} 29... Nfd5 $14) 30. fxg5 $18 Nfd5 {[%emt 0:00:38] Prevents Bf4} 31. Qd3 (31. Nab6 $18) 31... Ng6 (31... g6 $16) 32. Qe4 Qd7 (32... Nc3 $16 33. Nxc3 bxc3) 33. Bg2 ({Much less strong is} 33. Qxg6 $6 fxg6 34. Bxe6+ (34. Rxe6 $2 {is the wrong capture.} Nc7 $19) 34... Qxe6 35. Rxe6 Nc7 $16) (33. Bg4 $18) 33... Nge7 $2 {[%emt 0:01:15][%mdl 8192] [#]} (33... f5 $16 34. gxf6 (34. Qxe6+ Qxe6 35. Rxe6 Nc7 $18) 34... Nxf6 35. Qxe6+ Qxe6 36. Rxe6 Bf7 37. Rxc6 Nh4) 34. Ne5 $1 (34. Nab6 Qc7 35. Qg4 Nf5 $16) 34... Qc8 35. Bh3 {[%emt 0:00:17][%cal Oe5f7,Bg2h3,Bh3f5,Bf5h7][%mdl 32] Hoping for Nxf7!. Prevents Nf5} (35. Nb6 Nxb6 36. cxb6 Rb7 $16) 35... Nf5 36. Rxf5 ({Not} 36. Bxf5 exf5 37. Rxf5 (37. Qxf5 Qxf5 38. Rxf5 Re7 $16) 37... Re7 $16) 36... exf5 37. Bxf5 Bd7 38. Bh7+ Kh8 39. Qh4 1-0

[Event "29th Bosnjaci Open 2025"]
[Site "Bosnjaci"]
[Date "2025.01.04"]
[Round "2.8"]
[White "Pirvulescu, Ekaterina"]
[Black "Hadzovic, Amir"]
[Result "0-1"]
[ECO "B07"]
[WhiteElo "2043"]
[BlackElo "2316"]
[Annotator "TA"]
[PlyCount "100"]
[EventDate "2025.01.04"]
[EventType "swiss"]
[EventCountry "CRO"]
[SourceTitle "playchess.com"]
[Source "ChessBase"]
[SourceQuality "1"]
[TimeControl "5400+30"]

1. e4 d6 2. d4 Nf6 3. Nc3 c6 4. f4 Qa5 5. Bd2 Qb6 6. Nf3 Bg4 7. Bd3 e5 8. dxe5 dxe5 9. h3 Bxf3 10. Qxf3 Nbd7 11. O-O-O Bd6 12. g4 exf4 13. Bxf4 Bxf4+ 14. Qxf4 Nc5 15. Qe5+ Ne6 16. Bc4 Qe3+ $1 17. Kb1 Qc5 18. Qxc5 (18. Bxe6 $2 Qxe5 19. Bb3 O-O $19 (19... Nxe4 $2 20. Nxe4 Rd8 21. Nd6+ Qxd6 22. Rxd6 $19)) 18... Nxc5 19. Rhe1 Ke7 20. e5 (20. b4 {simplifies} Ne6 21. Nd5+ cxd5 22. exd5 Rac8 23. Bb3) 20... Nfd7 21. Bxf7 Rhf8 (21... Kxf7 $2 22. e6+ Ke8 23. exd7+ Kd8 24. Rf1 $18) (21... Rad8 $11 {and Black has nothing to worry.} 22. e6 Nb6) 22. e6 $18 Nb6 23. b4 (23. Re5 $16 Na6 24. Rh5) 23... Na6 $14 24. a3 (24. b5 $14 cxb5 25. Nd5+ (25. Nxb5 g6 $16) 25... Nxd5 26. Rxd5) 24... Rad8 25. Ne4 Nc4 $2 (25... Nc7 $1 $14) 26. Ka2 $2 ({Only move:} 26. Ng3 $1 $18 Nxa3+ 27. Kb2 Nc4+ 28. Kc3 Rxd1 29. Nf5+ (29. Rxd1 Nd6 $18) 29... Kf6 30. Rxd1) 26... Nc7 $2 {[%emt 0:03:03] [#]} (26... Rd5 $1 $14) 27. Kb3 $2 (27. Rd7+ $1 $18 Rxd7 28. exd7 Rxf7 29. Nd6+ Kxd7 30. Nxf7) 27... b5 (27... Rxd1 $1 $14 28. Rxd1 Ne5) 28. Nc5 (28. Rd7+ $16 Rxd7 29. exd7 Kxd7 (29... Kxf7 $2 30. Rf1+ Ke7 31. Rxf8 $18) (29... Nb6 $2 30. Nc5+ Kxf7 31. Rf1+ Ke7 32. Rxf8 $18) 30. Bxc4 bxc4+ 31. Kxc4) 28... Nd5 (28... Rd5 $11) 29. h4 ({White should try} 29. Nd7 $14 Rh8 (29... Rxf7 30. Ne5 $11) 30. a4) 29... a5 $11 30. bxa5 (30. a4 $1 $11) 30... Nxa5+ $17 31. Kb2 Ra8 32. a4 Rfb8 33. axb5 $2 (33. Rd4 $15) 33... Rxb5+ $19 34. Nb3 Nc4+ 35. Kc1 {[%emt 0:00:24] [#]} Rb7 $2 ({Better is} 35... Rba5 $1 $19 {[%cal Ra5a1] ( -> ...Ra1+!)} 36. c3 (36. Nxa5 $2 Rxa5 37. c3 Ra1+ 38. Kc2 Nde3+ 39. Kb3 Nxd1 $19) 36... Ra1+ 37. Nxa1 Rxa1+ 38. Kc2 Nde3+ (38... Nce3+ 39. Kd2 $15) 39. Kb3 Nxd1 (39... Rxd1 40. Rxd1 Na5+ 41. Ka4 $17) 40. Rxd1 (40. Kxc4 $2 {is the wrong capture.} Nb2+ 41. Kb3 Rxe1 $19) 40... Rxd1 41. Kxc4 Kd6) 36. Re4 $15 Nd6 (36... Nde3 $1 $15 37. g5 (37. Rd3 $2 Rxb3 38. Rxb3 Ra1+ 39. Rb1 Rxb1+ 40. Kxb1 Nd2+ 41. Kb2 Nxe4 $19) 37... Nxd1 38. Rxc4 Ne3 39. Rxc6 Rd8) 37. Red4 $11 Ra2 38. Rxd5 (38. R1d3 $11 {keeps the balance.}) 38... cxd5 $17 39. Rxd5 Nxf7 40. exf7 Kxf7 41. Rf5+ (41. Nd4 $17) 41... Kg8 $19 42. h5 Rf7 43. Kb1 $2 (43. Rc5) 43... Rxf5 $19 44. gxf5 Ra4 45. c3 Rh4 46. Nd4 Rxh5 47. Kc2 Kf7 48. c4 Kf6 49. Kd3 Ke5 50. Ne6 g6 0-1

[Event "29th Bosnjaci Open 2025"]
[Site "Bosnjaci"]
[Date "2025.01.04"]
[Round "2.9"]
[White "Pehar, Borna"]
[Black "Bobanac, Miro"]
[Result "0-1"]
[ECO "B05"]
[WhiteElo "1954"]
[BlackElo "2157"]
[Annotator "RC"]
[PlyCount "76"]
[EventDate "2025.01.04"]
[EventType "swiss"]
[EventCountry "CRO"]
[SourceTitle "playchess.com"]
[Source "ChessBase"]
[SourceQuality "1"]
[TimeControl "5400+30"]

1. e4 Nf6 2. e5 Nd5 3. c4 Nb6 4. d4 d6 5. Nf3 Bg4 6. h3 Bh5 7. g4 Bg6 8. Nc3 e6 9. Bg5 Be7 10. Bxe7 Qxe7 11. h4 h5 12. g5 Nc6 13. exd6 cxd6 14. Be2 e5 15. d5 Nb4 16. O-O Qd7 17. Nh2 Qh3 18. Nb5 Rd8 19. Qd2 Na6 20. a4 Qxh4 21. a5 Nc8 22. Ra3 Nc5 23. f4 exf4 24. Qxf4 Qxf4 25. Rxf4 O-O 26. Rh3 Ne4 27. Bxh5 Nxg5 28. Rhh4 Bxh5 29. Rxh5 f6 30. Nd4 Rfe8 31. Nhf3 Nxf3+ 32. Rxf3 Re5 33. Rh4 Ne7 34. Ne6 Rc8 35. Rg4 Nf5 36. Rxf5 Rxf5 37. Rxg7+ Kh8 38. Rxb7 Rg8+ 0-1

[Event "29th Bosnjaci Open 2025"]
[Site "Bosnjaci"]
[Date "2025.01.04"]
[Round "2.10"]
[White "Zufic, Miroslav"]
[Black "Kejzar, Petra"]
[Result "1-0"]
[ECO "B30"]
[WhiteElo "2313"]
[BlackElo "2040"]
[Annotator "TA"]
[PlyCount "79"]
[EventDate "2025.01.04"]
[EventType "swiss"]
[EventCountry "CRO"]
[SourceTitle "playchess.com"]
[Source "ChessBase"]
[SourceQuality "1"]
[TimeControl "5400+30"]

1. e4 c5 2. Nf3 Nc6 3. Bb5 e6 4. O-O Nge7 5. Re1 b6 6. c3 a6 7. Be2 {[%emt 0:01:00] White is more active.} ({Better is} 7. Ba4 $16) 7... d5 8. exd5 Nxd5 9. d4 cxd4 10. Nxd4 Bb7 11. Bf3 Be7 $1 12. a3 (12. Nf5 $5 O-O 13. h3 $11) 12... Bf6 $2 {[%emt 0:09:36] [#]} (12... Na5 $11 {and Black is okay.}) 13. Nxe6 $1 $18 fxe6 14. Qxd5 (14. Bxd5 O-O 15. Bxe6+ (15. Rxe6 Kh8 $18) 15... Kh8 $16) 14... Qxd5 15. Bxd5 O-O-O 16. Bxe6+ Kb8 17. Bf4+ Ka7 18. Nd2 Ne5 19. Bf5 (19. Rxe5 Bxe5 20. Bxe5 Rxd2 21. Bxg7 Re8 $11 (21... Rhd8 22. Bd4 $14)) 19... Nd3 20. Bxd3 Rxd3 21. Be3 Bd5 22. Nf1 Bb3 23. Ng3 Rg8 24. Ne2 {[%emt 0:00:38] Hoping for Nc1.} Ba4 25. Nd4 Re8 26. Kf1 Bxd4 27. Bxd4 Rd2 28. b3 (28. Bxg7 Rxb2 29. Rxe8 Bxe8 $18) 28... Bc6 29. Rxe8 (29. Bxg7 a5 30. h4 Rxe1+ 31. Rxe1 Ra2 $18) 29... Bxe8 {[%emt 0:00:02][%mdl 4096] Endgame KRB-KRB. White is two pawns up.} 30. Re1 (30. Bxg7 a5 31. Re1 Bc6 $18) 30... Bb5+ 31. Kg1 g6 (31... Re2 {might work better.} 32. Rxe2 Bxe2 33. Bxg7 Bd1) 32. a4 ({Weaker is} 32. Re7+ Kb8 33. h4 (33. Bxb6 $2 {gets mated.} Rd1+) 33... h5 34. Bxb6 Bd3 $18) 32... Re2 33. Rxe2 Bxe2 {[%emt 0:00:01] KB-KB. White is two pawns up.} 34. a5 Bd1 $2 (34... Kb7 35. Bxb6 (35. axb6 a5 $18) 35... Kc6) 35. axb6+ Kb7 36. b4 Be2 37. f3 Bc4 38. Kf2 Bd5 39. Kg3 g5 40. Kg4 1-0

[Event "29th Bosnjaci Open 2025"]
[Site "Bosnjaci"]
[Date "2025.01.04"]
[Round "2.11"]
[White "Valkovic, Kristian"]
[Black "Kovac, Petar"]
[Result "0-1"]
[ECO "D02"]
[WhiteElo "2033"]
[BlackElo "2289"]
[Annotator "TA"]
[PlyCount "58"]
[EventDate "2025.01.04"]
[EventType "swiss"]
[EventCountry "CRO"]
[SourceTitle "playchess.com"]
[Source "ChessBase"]
[SourceQuality "1"]
[TimeControl "5400+30"]

1. d4 Nf6 2. Nf3 d5 3. Bf4 c5 4. c3 Nc6 5. e3 Qb6 6. Qb3 c4 7. Qxb6 axb6 8. Na3 Bf5 9. Nh4 Bd7 10. Be2 {[%emt 0:17:48] [#]} (10. Nf3 $11 {remains equal.}) 10... Rxa3 $1 11. bxa3 $15 {[%emt 0:00:41] Black is slightly better.} Ne4 {[%emt 0:00:20][%cal Oe7e6] And now ...e6! would win.} 12. Bf3 (12. Nf3 $15) 12... Rg8 $17 {[%emt 0:13:31] Black is more active. Black keeps a firm grip on the game.} 13. Bxe4 dxe4 14. d5 {[%emt 0:05:05] [#]} Nd8 15. f3 (15. Bc7 $17 g5 16. Nf3 (16. Bxd8 $2 Kxd8 17. Nf3 exf3 $19) 16... exf3 17. gxf3) 15... g5 $19 16. fxe4 gxh4 17. O-O Ba4 {[%emt 0:08:17] Hoping for ...Bc2.} 18. Bc7 (18. Rf2 $142) 18... f6 19. Bxb6 Nf7 20. Bd4 $2 (20. Rac1) 20... Bc2 21. Rf4 Ng5 {[%emt 0:00:12] aiming for ...Nh3+.} 22. Kf1 {[%emt 0:02:55] White is weak on the light squares} h3 ({Don't do} 22... Nxe4 23. Rxh4 Rg5 24. Kg1 $19) 23. g3 Bxe4 ({Don't take} 23... Nxe4 24. Ke1 $19) 24. Rd1 Bxd5 {[%emt 0:02:52] Black is clearly winning.} 25. Bb6 Bg2+ 26. Kg1 Nf3+ 27. Kf2 Nxh2 28. Rxc4 Ng4+ 29. Kg1 Bf3 {[%emt 0:00:24] Weighted Error Value: White=0.43/Black=0.10 (very precise) .  Mistake:       	White=5     	Black=1      Inaccurate:     	White=1     	---        OK:         	White=4     	Black=12     Best:        	White=1     	---} 0-1

[Event "29th Bosnjaci Open 2025"]
[Site "Bosnjaci"]
[Date "2025.01.04"]
[Round "2.12"]
[White "Franc, Borna"]
[Black "Sabic, Tomislav"]
[Result "1/2-1/2"]
[ECO "B22"]
[WhiteElo "2287"]
[BlackElo "2021"]
[Annotator "RC"]
[PlyCount "71"]
[EventDate "2025.01.04"]
[EventType "swiss"]
[EventCountry "CRO"]
[SourceTitle "playchess.com"]
[Source "ChessBase"]
[SourceQuality "1"]
[TimeControl "5400+30"]

1. e4 c5 2. c3 d5 3. exd5 Qd7 4. d6 Qxd6 5. d3 Qd5 6. d4 Nf6 7. Nf3 Nc6 8. Be2 e6 9. O-O Be7 10. Be3 cxd4 11. cxd4 O-O 12. Nc3 Qa5 13. a3 Nd5 14. Rc1 Nxc3 15. Rxc3 Bf6 16. Rc5 Qd8 17. d5 exd5 18. Rxd5 Qc7 19. Bc5 Be7 20. Qd3 Rd8 21. Rxd8+ Qxd8 22. Qe3 Bxc5 23. Qxc5 Qe7 24. Qxe7 Nxe7 25. Bc4 Bf5 26. Rd1 Nc6 27. h3 Rd8 28. Rc1 Kf8 29. b4 Nd4 30. Nxd4 Rxd4 31. Be2 Ke7 32. Bf3 b6 33. Re1+ Kd7 34. Rc1 Rd3 35. Bb7 Be6 36. Ra1 1/2-1/2

[Event "29th Bosnjaci Open 2025"]
[Site "Bosnjaci"]
[Date "2025.01.04"]
[Round "2.13"]
[White "Fridl, Miroslav"]
[Black "Zadravec, Matija"]
[Result "0-1"]
[ECO "A36"]
[WhiteElo "1992"]
[BlackElo "2283"]
[Annotator "TA"]
[PlyCount "84"]
[EventDate "2025.01.04"]
[EventType "swiss"]
[EventCountry "CRO"]
[SourceTitle "playchess.com"]
[Source "ChessBase"]
[SourceQuality "1"]
[TimeControl "5400+30"]

1. c4 c5 2. Nc3 Nc6 3. g3 g6 4. Bg2 Bg7 5. a3 e6 6. Rb1 a5 7. e3 Nge7 8. Nge2 O-O 9. O-O {[%emt 0:03:45] The position is equal.} d5 10. d3 Re8 11. e4 dxc4 12. dxc4 Nd4 13. Bg5 h6 14. Be3 Nec6 15. f4 e5 16. h3 {[%emt 0:01:12] Prevents Bg4.} exf4 17. Nxf4 Qd6 18. Qd2 Ne5 19. Bxd4 $2 (19. Nb5 $15 Nxb5 20. cxb5 Qxd2 21. Bxd2) 19... Nxc4 $1 $19 (19... Qxd4+ 20. Qxd4 cxd4 21. Ncd5 $15) (19... cxd4 20. Nb5 Qc5 21. b4 axb4 (21... Qxc4 22. Nd6 $11) 22. axb4 Qxc4 (22... Nxc4 23. bxc5 Nxd2 24. Nc7 $15) 23. Nd6 $17 (23. Nxd4 $2 Ra2 $19)) 20. Qc1 {[%emt 0:00:57] [#] Bxg7 is the strong threat.} Bxd4+ (20... Qxd4+ 21. Kh1 Qe5 22. Ncd5 $17) 21. Kh2 Bd7 {[%emt 0:03:40] Prevents Nb5} (21... Ne3 22. Rf3 Nxg2 23. Nxg2 $19) (21... Nd2 $19 22. Qxd2 Bg1+ 23. Rxg1 Qxd2) 22. Nfd5 (22. Ncd5 $1 $15 Bb5 23. Rd1) 22... Bg7 {[%emt 0:05:10] Black is much more active. This pair of bishops is nice.} (22... h5 $142 23. b4 axb4) 23. e5 Rxe5 $2 (23... Nxe5 24. Ne4 Qf8 (24... Qxd5 25. Nf6+ Bxf6 26. Bxd5 $16) (24... Nf3+ $2 25. Bxf3 Rxe4 26. Bxe4 $18) 25. Ndf6+ Kh8 26. Nxe8 Rxe8 27. Qxc5 $16 (27. Nxc5 Bb5 $15)) (23... Qxe5 $17 {...Bf5 would now be deadly.} 24. Ne4 Bf5 (24... Qxd5 25. Nf6+ Bxf6 26. Bxd5 $18)) 24. Ne4 $2 (24. Qf4 $14 {is the one way to stay ahead.}) 24... Rxe4 (24... Qxd5 $19 {has better winning chances.} 25. Nf6+ Bxf6 26. Bxd5 Rxd5 27. Rxf6 Nd2) 25. Bxe4 $17 Ne5 26. Qc2 Nc6 27. Nb6 (27. Qf2 $15 f5 28. Bg2) 27... Re8 (27... Nd4 $17 28. Qf2 Rf8 (28... Qxb6 29. Qxf7+ Kh7 30. Qxd7 $16) 29. Nxd7 Qxd7) 28. Nxd7 $11 Qxd7 29. Bxc6 Qxc6 30. Rbe1 Rxe1 31. Rxe1 $15 {[%emt 0:00:09][%mdl 4096] Endgame. KQR-KQB} Bd4 32. a4 $1 Kg7 33. Re2 Qf3 34. Rg2 b6 35. Qe2 Qf6 36. b3 Qf5 37. Qc2 {[%emt 0:00:26] Black must now prevent Qxf5.} Qf3 38. Rd2 ({White should try} 38. Re2 $11) 38... h5 (38... Be5 $15 39. Rg2 h5) 39. Rd3 Qe4 {[%emt 0:01:20] Strongly threatening ...Be5.} 40. Rd2 Qe3 41. Rg2 {[%emt 0:00:21][%mdl 8192] [#] Repels Qg1+} (41. h4 $11) 41... h4 $1 $19 {[%emt 0:00:37][%mdl 512] Threatens to win with ...hxg3+.} 42. Qe2 (42. Qb1 hxg3+) 42... hxg3+ {[%emt 0:00:13] Weighted Error Value: White=0.54/Black=0.29 (precise) .  Loses game:     	White=3     	---        Missed win:     	---       	Black=1      Mistake:       	White=4     	Black=5      Inaccurate:     	White=3     	Black=1      OK:         	White=12    	Black=7      Best:        	White=1     	Black=1      Strong:       	White=1     	Black=1      Brilliant:      	---       	Black=1} (42... Qxb3 $2 43. gxh4 Qxa4 44. h5 $17) 0-1

[Event "29th Bosnjaci Open 2025"]
[Site "Bosnjaci"]
[Date "2025.01.04"]
[Round "2.14"]
[White "Jakovic, Roko"]
[Black "Vujnovic, Marko"]
[Result "1-0"]
[ECO "D30"]
[WhiteElo "2273"]
[BlackElo "1982"]
[Annotator "TA"]
[PlyCount "121"]
[EventDate "2025.01.04"]
[EventType "swiss"]
[EventCountry "CRO"]
[SourceTitle "playchess.com"]
[Source "ChessBase"]
[SourceQuality "1"]
[TimeControl "5400+30"]

1. d4 d5 2. c4 c6 3. Nf3 Nf6 4. e3 e6 5. Qc2 Be7 6. b3 Nbd7 7. Bd3 O-O 8. Bb2 Re8 9. O-O Nf8 10. Nbd2 Ng6 11. Ne5 Bd7 12. Ndf3 Rf8 13. Ng5 (13. c5 {simplifies} Be8 14. b4 Nd7 15. Nxd7 Bxd7 16. g3) 13... dxc4 14. bxc4 b5 15. cxb5 (15. Rab1 {seems wilder.} Rb8 16. Rfc1 bxc4 17. Bxc4 Nd5 18. Nxg6 hxg6 19. Nf3) 15... cxb5 16. Rac1 {[%emt 0:06:42] White is much more active.} (16. f4 $16) 16... Nd5 $1 $11 17. Ngxf7 Rxf7 18. Nxf7 Kxf7 19. Bxg6+ (19. Qe2 $11 {keeps the balance.}) 19... hxg6 $17 20. e4 Rc8 21. Qb3 Rxc1 22. Rxc1 Nb6 23. d5 (23. Ba3 $15) 23... exd5 24. exd5 Nc4 25. Bc3 (25. d6 $142 Bxd6 26. Qf3+ Bf5 27. Qd5+ Be6 28. Qxb5 Nxb2 29. Qxb2) 25... Bd6 26. Bb4 (26. Ba1 $17) 26... Qg5 $1 $19 27. Rd1 $2 (27. Re1 {was forced.}) 27... Be5 {[%emt 0:07:17] A strong pair of Bishops.} (27... Bxb4 $142 28. Qxb4 Bh3) 28. Qf3+ Kg8 29. d6 Kh7 30. h3 {[%emt 0:03:57] Prevents Bg4} a5 (30... Qf5 31. Qxf5 gxf5) 31. Bc3 $17 Bxc3 (31... Bxd6 $2 32. Qf7 Be5 (32... Bxh3 33. Qxg7#) 33. f4 $18) (31... Nxd6 $2 32. Bxe5 Qxe5 33. Qf8 $18) 32. Qxc3 Qc5 (32... a4 $1 $15 {deserves consideration.}) 33. Qg3 $11 a4 34. Re1 $2 {[%emt 0:03:45] [#]} ({White should try} 34. Qh4+ $11 Qh5 35. Qd4) 34... Qxd6 $2 (34... Nxd6 $2 35. Qh4+ Qh5 36. Qd4 Bxh3 37. Qxd6 $18) ({Better is} 34... Qd4 $1 $17 {[%cal Ob5b4] And now ...b4! would win.} 35. Re7 Bf5 (35... Qxd6 $2 36. Qxd6 Nxd6 37. Rxd7 $18)) 35. Qxd6 $14 Nxd6 36. Rd1 Be6 $1 37. Rxd6 Bxa2 {[%emt 0:00:07][%mdl 4096] Endgame KR-KB} 38. Ra6 Bc4 39. f4 (39. h4 $16) 39... Bd3 (39... Bb3 $1 $11 {and Black stays safe.} 40. Kf2 b4) 40. Kf2 Kg8 (40... Bc2) 41. g3 $18 Kf7 42. Ke3 Bf1 $2 (42... Bf5 {was called for.} 43. Ra7+ Ke8) 43. h4 Bh3 44. Kd4 Bf1 (44... Be6 $142 45. Ra5 Bc4) 45. Ke5 Be2 46. Ra7+ Kg8 47. Kd6 Bd3 (47... Bg4 $142 48. Re7 Bf5 (48... b4 $2 49. Re4 $18)) 48. Kc5 (48. g4 $142 Bc2 49. Kd5 (49. Kc5 Bd3 $18)) 48... Be2 49. Kd6 $2 (49. Ra8+ Kf7 50. Ra7+ Kg8 51. g4) 49... Bd3 $1 50. g4 Be2 $2 (50... Bc2) 51. f5 $2 (51. g5 $18 {and Ke7 should not be overlooked} Bd3 52. Ra5) 51... gxf5 $16 52. gxf5 Bd3 53. Ke5 Be2 $2 (53... Bc2 $16) 54. Kf4 Bc4 55. Kg5 Bf7 56. Ra8+ Kh7 {[%emt 0:00:10] [#]} 57. h5 $1 Bc4 58. Ra7 Kg8 59. Kg6 Kf8 60. Ra8+ Ke7 61. Kxg7 1-0

[Event "29th Bosnjaci Open 2025"]
[Site "Bosnjaci"]
[Date "2025.01.04"]
[Round "2.15"]
[White "Tomic, Stjepan"]
[Black "Vucenovic, Damian"]
[Result "1/2-1/2"]
[ECO "D60"]
[WhiteElo "1978"]
[BlackElo "2272"]
[Annotator "TA"]
[PlyCount "134"]
[EventDate "2025.01.04"]
[EventType "swiss"]
[EventCountry "CRO"]
[SourceTitle "playchess.com"]
[Source "ChessBase"]
[SourceQuality "1"]
[TimeControl "5400+30"]

1. d4 d5 2. c4 e6 3. Nc3 Nf6 4. Nf3 c6 5. Bg5 Be7 6. e3 O-O 7. Qc2 Nbd7 8. Bd3 Re8 9. O-O h6 10. Bh4 dxc4 11. Bxc4 b5 12. Bb3 {[%emt 0:08:43] White has more active pieces.} Bb7 13. Rfd1 Rc8 14. Qe2 (14. Ne5 $14 {should be considered.}) 14... a5 (14... b4 $11 15. Bxf6 Nxf6) 15. Rac1 Qb6 16. Bc2 b4 17. Na4 Qb5 18. Qd3 Qh5 (18... g5 $5 19. Bg3 $8 Ba6 $11) 19. Bg3 (19. Bxf6 $11 {deserves consideration.} Nxf6 20. Nb6) 19... c5 $15 20. dxc5 Nxc5 21. Nxc5 Rxc5 22. Ba4 Rd8 23. Rxc5 Qxc5 24. Qc2 {[%emt 0:01:10] Rxd8+ would now be deadly.} Rxd1+ 25. Qxd1 Ne4 26. Bc2 Bf6 27. Qb1 Qc4 (27... g5 $17 28. Bd3 (28. Bxe4 $2 {loses.} Bxe4 29. Qd1 Bxb2 $19) 28... g4) 28. Bd3 Qd5 29. Bxe4 Qxe4 30. Qxe4 Bxe4 {[%emt 0:00:04][%mdl 4096] Endgame. KBB-KBN. This pair of bishops is nice.} 31. Be5 Bd8 32. Kf1 f6 33. Bd4 e5 34. Bc5 Kf7 35. Nd2 Bd3+ 36. Ke1 g6 37. f3 Ke6 38. e4 f5 39. Be3 f4 40. Bc5 Kd7 41. a3 bxa3 42. Bxa3 Kc6 43. Nb3 Bb6 44. g3 a4 45. Nc1 Bc4 {[%emt 0:00:18] And now ...h5 would win.} 46. gxf4 exf4 {[%emt 0:00:11] Threatens to win with ...g5.} 47. Ne2 Bxe2 (47... g5 $17 {[%cal Og5g4] Strongly threatening ...g4!} 48. Nc3 Bd4) 48. Kxe2 $17 {[%emt 0:00:03] KB-KB} g5 49. Kd3 h5 {[%emt 0:00:18] ...g4 is the strong threat.} 50. h3 Bd8 51. Bb4 Bf6 52. Bc3 Be7 53. Kc4 a3 (53... Kd6 $11 {keeps the balance.}) 54. bxa3 $16 Bxa3 55. Bf6 g4 (55... Bc1 $16) 56. fxg4 (56. hxg4 $142 hxg4 57. fxg4) 56... hxg4 57. hxg4 Kd6 58. g5 Ke6 59. Kd3 $1 Bc1 {[%emt 0:00:50] [#]} 60. Ke2 $1 Kf7 {[%emt 0:00:26] [#]} 61. Kf3 $2 (61. e5 $1 {mates} Be3 62. Kd3 Bc1 63. Ke4 Bd2 64. Kf5 f3 65. e6+ Kf8 66. Bd4) 61... Kg6 $11 {[%emt 0:00:23] The position is equal.} 62. Kg4 (62. e5 $5 Kf5 $8 63. e6 Kxe6 64. Bc3 $11) 62... Bd2 63. Bd8 Bc1 64. e5 f3 $1 65. Kxf3 {[%emt 0:00:37] e6 would kill now.} Kf5 $1 66. Bf6 Bxg5 67. Bxg5 {[%emt 0:00:10] White threatens Bf6 and mate.} Kxe5 $1 {[%emt 0:00:03] Blacks defense is rewarded with a draw.   Weighted Error Value: White=0.28 (precise) /Black=0.31.  Loses game:     	---       	Black=1      Mistake:       	White=3     	Black=4      Inaccurate:     	White=6     	Black=3      OK:         	White=10    	Black=14     Best:        	White=6     	Black=1      Strong:       	---       	Black=3} 1/2-1/2